 Dungeon Crawl Stone Soup version 0.16-a0-3029-g57b17b4 (webtiles) character file.

22666 Pikaro the Fighter (level 12, -7/115 HPs)
             Began as a Minotaur Berserker on Dec 8, 2014.
             Was a High Priest of Trog.
             Killed by divine providence
             ... invoked by a daeva
              (13 damage)
             ... on level 13 of the Dungeon.
             The game lasted 00:50:20 (25242 turns).

Pikaro the Fighter (Minotaur Berserker)            Turns: 25242, Time: 00:50:20

Health: -7/115     AC: 19    Str: 23    XL:     12   Next: 65%
Magic:  1/1        EV: 13    Int:  4    God:    Trog [*****.]
Gold:   998        SH:  0    Dex: 14    Spells: 0 memorised, 11 levels left

rFire  . . .     SeeInvis .     K - +2 great mace (antimagic)
rCold  + . .     Rnd*Rage +     r - +0 plate armour
rNeg   . . .     SustAb   .     (no shield)
rPois  .         Gourm    .     (helmet restricted)
rElec  .         Spirit   .     (no cloak)
rCorr  +         Warding  .     l - +2 pair of gloves
rMut   .         Stasis   .     (no boots)
MR     +....                    y - amulet of resist corrosion {rCorr, !d}
Stlth  ..........               N - ring of stealth
                                o - ring of protection from cold {rC+, !d}

@: exhausted, slowed, very slow, somewhat resistant to hostile enchantments,
extremely unstealthy
A: retaliatory headbutt, horns 2, camouflage 1, berserk 1, blink 1, magic
resistance 1
a: Blink, Burn Spellbooks, Berserk, Trog's Hand, Brothers in Arms, Renounce
Religion


You were on level 13 of the Dungeon.
You worshipped Trog.
Trog was extremely pleased with you.
You were very hungry.

You visited 1 branch of the dungeon, and saw 13 of its levels.
You also visited: Ossuary.

You collected 998 gold pieces.

Inventory:

Hand weapons
 I - the +7 quarterstaff of Havoc {flame, Noisy rPois rF++}
   (You found it on level 10 of the Dungeon)

   It emits flame when wielded, causing extra injury to most foes and up to
   double damage against particularly susceptible opponents.
   It greatly protects you from fire.
   It protects you from poison.
   It may make noises in combat.
 K - a +2 antimagic great mace (weapon)
   (Trog gifted it to you on level 10 of the Dungeon)
Armour
 l - a +2 pair of gloves (worn)
   (You found it on level 3 of the Dungeon)
 r - a +0 plate armour (worn)
   (You took it off an orc warrior on level 8 of the Dungeon)
Jewellery
 e - an uncursed ring of teleportation {+/*tele, !d}
   (You found it on level 3 of the Dungeon)
 o - a ring of protection from cold (left hand) {rC+, !d}
   (You found it on level 6 of the Dungeon)
 q - an uncursed ring of protection from cold {rC+, !d}
   (You found it on level 8 of the Dungeon)
 y - an amulet of resist corrosion (around neck) {rCorr, !d}
   (You found it on level 7 of the Dungeon)
 B - an uncursed amulet of resist mutation {rMut, !d}
   (You found it on level 7 of the Dungeon)
 E - an uncursed amulet of rage {+Rage, !d}
   (You found it on level 9 of the Dungeon)
 N - a ring of stealth (right hand)
   (You found it on level 13 of the Dungeon)
Magical devices
 p - a wand of invisibility (0)
   (You took it off Duvessa on level 4 of the Dungeon)
 z - a wand of frost (20)
   (You found it on level 13 of the Dungeon)
 D - a wand of slowing (13)
   (You found it on level 9 of the Dungeon)
 L - a wand of flame (23)
   (You found it on level 13 of the Dungeon)
 O - a wand of random effects (19)
   (You took it off Psyche on level 13 of the Dungeon)
Scrolls
 f - 2 scrolls of fear
 h - 5 scrolls of enchant weapon
 j - 4 scrolls of teleportation
 m - 5 scrolls of identify
 s - 3 scrolls of blinking {!r}
 A - 2 scrolls of enchant armour
 F - 2 scrolls of holy word {!r}
 J - 2 scrolls of remove curse
Potions
 b - 4 potions of agility
 c - a potion of resistance
 g - 8 potions of curing
 k - 2 potions of cancellation
 n - a potion of might
 t - a potion of lignification {!q}
 G - a potion of restore abilities
 M - a potion of flight
 P - a potion of mutation {unknown}
Miscellaneous
 C - a plain deck of destruction
   (You found it on level 9 of the Dungeon)
 H - a plain deck of changes
   (You found it on level 10 of the Dungeon)
Comestibles
 a - a bread ration {@e1}
 i - 8 fruits
 u - 4 beef jerkies
 v - a royal jelly
 w - 3 slices of pizza
 x - 3 meat rations {@e2}


   Skills:
 + Level 13.1 Fighting
 - Level 12.4 Maces & Flails
 + Level 12.9 Armour
 + Level 12.0 Dodging


You had 11 spell levels left.
You didn't know any spells.

Dungeon Overview and Level Annotations

Branches:
Dungeon (13/15)              Lair (0/8) D:10            Orc (0/4) D:11
 Temple: D:4-7       Vaults: D:13-14

Altars:
Ashenzari
Cheibriados
Dithmenos
Elyvilon
Fedhas
Kikubaaqudgha
Makhleb
Sif Muna
Vehumet
Xom

Shops:
D:5 %   D:9 *

Portals:
Trove: D:12 (give 22 scrolls of identify)


Innate Abilities, Weirdness & Mutations

You reflexively headbutt those who attack you in melee.
You have a pair of horns on your head.
Your skin changes colour to match your surroundings (Stealth).
You tend to lose your temper in combat.
You can translocate small distances at will.
You are resistant to hostile enchantments.


Message History

The skeletal warrior misses you.
The skeletal warrior throws a stone.
The stone misses you.
The skeletal warrior hits you with a war axe.
You take 5 damage, and have 116/172 hp.
You closely miss the skeletal warrior. You sock the skeletal warrior!
You headbutt the skeletal warrior, but do no damage.
The skeletal warrior hits you but does no damage.
The skeletal warrior hits you with a mace!
The skeletal warrior completely misses you.
You take 10 damage, and have 106/172 hp.
You hit the skeletal warrior but do no damage.
You headbutt the skeletal warrior.
The skeletal warrior closely misses you.
You furiously retaliate!
You headbutt the skeletal warrior!
The skeletal warrior hits you but does no damage.
You barely miss the skeletal warrior. The skeletal warrior barely misses you.
You furiously retaliate!
You headbutt the skeletal warrior, but do no damage.
The skeletal warrior hits you but does no damage. x2
You hit the skeletal warrior.
The skeletal warrior hits you but does no damage.
You hammer the skeletal warrior like a gong!!!
The skeletal warrior closely misses you.
You furiously retaliate!
You headbutt the skeletal warrior.
The skeletal warrior hits you but does no damage.
The skeletal warrior barely misses you. You furiously retaliate!
You headbutt the skeletal warrior. You sock the skeletal warrior!
You destroy the skeletal warrior!
Your Dodging skill increases to level 12!
The skeletal warrior hits you with a short sword of flaming!
The skeletal warrior burns you.
The skeletal warrior hits you from afar with a glaive!
The skeletal warrior hits you with a war axe!
You take 41 damage, and have 66/172 hp.
MASSIVE DAMAGE!!
You thump the skeletal warrior! You headbutt the skeletal warrior!
You bludgeon the skeletal warrior!!
The skeletal warrior hits you with a short sword of flaming.
The skeletal warrior burns you.
The skeletal warrior closely misses you.
You take 1 damage, and have 65/172 hp.
You bludgeon the skeletal warrior!!
You destroy the skeletal warrior!
The skeletal warrior hits you with a short sword of flaming!
The skeletal warrior burns you.
You take 9 damage, and have 56/172 hp.
You bludgeon the skeletal warrior!!
The skeletal warrior completely misses you.
A daeva comes into view.
It is wielding an eudemon blade of holy wrath.
Spoiler Alert: The daeva can smite you!
You bludgeon the skeletal warrior!!
The skeletal warrior hits you with a short sword of flaming.
The skeletal warrior burns you.
The daeva calls down the wrath of the Shining One upon you.
Something smites you!
* * * LOW HITPOINT WARNING * * *
You take 11 damage, and have 45/172 hp.
Spoiler Alert: The daeva can smite you!
Your plate armour prevents you from hitting the skeletal warrior.
The skeletal warrior hits you from afar with a glaive.
* * * LOW HITPOINT WARNING * * *
The skeletal warrior barely misses you.
You take 2 damage, and have 43/172 hp.
Your plate armour prevents you from hitting the skeletal warrior.
You are no longer berserk.
You are exhausted.
You feel yourself slow down.
You are feeling hungry.
The skeletal warrior hits you with a short sword of flaming!
* * * LOW HITPOINT WARNING * * *
The skeletal warrior burns you.
* * * LOW HITPOINT WARNING * * *
You now have 11/115 hp.
Spoiler Alert: The daeva can smite you!
Drink which item? (? for menu, Esc to quit)
You feel much better.
The skeletal warrior hits you but does no damage.
The skeletal warrior completely misses you.
The skeletal warrior misses you.
You regained 19 hp, and now have 30/115 hp.
Spoiler Alert: The daeva can smite you!
Drink which item? (? for menu, Esc to quit)
Okay, then.
Your two-headed ogre goes berserk!
You are feeling very hungry.
The skeletal warrior hits you with a short sword of flaming.
* * * LOW HITPOINT WARNING * * *
The skeletal warrior burns you.
* * * LOW HITPOINT WARNING * * *
The skeletal warrior hits you from afar with a glaive.
* * * LOW HITPOINT WARNING * * *
The skeletal warrior hits you with a short sword of flaming!
* * * LOW HITPOINT WARNING * * *
The skeletal warrior burns you.
* * * LOW HITPOINT WARNING * * *
The daeva calls down the wrath of the Shining One upon you.
Something smites you!
You die...

............#
.....=......#
........#...###
..............### .
................# ...
................####...#
...........).....#....##
.................(....#A.
..............O.@.....##
...............z)).....#
..............).z.......
....[...................
....)...................
.(.......[.............
..(...................
...)รท................
.(..................


You could see a daeva, 2 skeletal warriors and a friendly two-headed ogre
(berserk).

Vanquished Creatures
  2 hydras
  The ghost of Engwar the Grappler, an experienced TrMo of Ru (D:10)
  3 skeletal warriors (D:13)
  2 unseen horrors
  2 hill giants
  Pikel (D:6)
  A wolf spider (D:10)
  2 ugly things
  2 cyclopes
  3 gargoyles
  Psyche (D:13)
  A yaktaur (D:12)
  A komodo dragon (D:13)
  3 trolls
  A trapdoor spider (D:10)
  A human (D:8)
  A shadow (D:13)
  2 two-headed ogres (D:11)
  A basilisk (D:12)
  9 yaks
  2 deep elf magi
  3 hippogriffs
  3 hungry ghosts
  2 wyverns
  2 water moccasins
  The ghost of Kemay the Insei, an average OpTm of Kikubaaqudgha (D:7)
  A soldier ant (D:13)
  An eye of draining (D:9)
  4 ice beasts
  6 orc warriors
  4 phantoms
  A slave (D:6)
  2 necrophages
  3 sky beasts
  9 centaurs
  A black bear (D:8)
  5 ogres
  Sigmund (D:4)
  Duvessa (D:4)
  2 big kobolds
  14 giant frogs
  Blork the orc (D:7)
  3 scorpions
  A wyvern skeleton (D:11)
  A water moccasin skeleton (D:4)
  10 killer bees
  4 goliath beetles
  3 centaur zombies
  3 giant frog zombies
  Dowan (D:4)
  5 hounds
  6 jellies
  A giant frog skeleton (D:11)
  4 crimson imps
  6 centaur skeletons
  3 orc priests
  13 orc wizards
  5 iguanas
  12 worker ants
  A gnoll shaman (D:7)
  4 sheep (D:8)
  A hound skeleton (D:4)
  8 mummies (Ossuary)
  15 adders
  6 gnolls (D:7)
  A worm (D:3)
  2 shadow imps (D:9)
  4 giant mites
  3 adder skeletons
  8 giant geckos
  33 orcs
  25 bats
  9 giant cockroaches
  21 hobgoblins
  21 kobolds
  3 oozes
  7 quokkas
  2 ball pythons
  5 giant newts
  11 goblins
  A hobgoblin zombie (Ossuary)
  15 jackals
  3 kobold zombies (Ossuary)
  4 orc zombies (Ossuary)
  16 rats
  4 ballistomycetes
423 creatures vanquished.

Vanquished Creatures (others)
  A worker ant (D:6)
  3 orcs (D:6)
  2 giant spores
  A goblin (D:6)
7 creatures vanquished.

Grand Total: 430 creatures vanquished

Notes
Turn   | Place    | Note
--------------------------------------------------------------
     0 | D:1      | Pikaro, the Minotaur Berserker, began the quest for the Orb.
     0 | D:1      | Reached XP level 1. HP: 19/19 MP: 1/1
    71 | D:1      | Reached skill level 4 in Maces & Flails
    71 | D:1      | Reached XP level 2. HP: 15/26 MP: 1/1
   963 | D:1      | Reached skill level 5 in Maces & Flails
   963 | D:1      | Reached XP level 3. HP: 31/31 MP: 2/2
  2340 | D:2      | Acquired Trog's second power
  2685 | D:2      | Reached XP level 4. HP: 39/39 MP: 2/2
  3402 | D:3      | Reached skill level 6 in Maces & Flails
  3788 | D:3      | Found a snail-covered altar of Cheibriados.
  3797 | D:3      | Found a shattered altar of Ashenzari.
  3891 | D:3      | Found a shimmering altar of Xom.
  3891 | D:3      | Found a deep blue altar of Sif Muna.
  4053 | D:3      | Found a snail-covered altar of Cheibriados.
  4053 | D:3      | Found a shattered altar of Ashenzari.
  4473 | D:3      | Found a shimmering altar of Xom.
  4475 | D:3      | Found a deep blue altar of Sif Muna.
  4598 | D:4      | Reached skill level 7 in Maces & Flails
  4598 | D:4      | Reached XP level 5. HP: 27/45 MP: 2/2
  5051 | D:4      | Reached skill level 8 in Maces & Flails
  5568 | D:4      | Reached XP level 6. HP: 51/51 MP: 3/3
  5782 | D:4      | Noticed Dowan
  5784 | D:4      | Noticed Duvessa
  5786 | D:4      | Noticed a phantom
  5789 | D:4      | Killed Dowan
  5794 | D:4      | Killed Duvessa
  5809 | D:4      | Killed a phantom
  5809 | D:4      | Reached skill level 9 in Maces & Flails
  6056 | D:4      | Reached XP level 7. HP: 44/57 MP: 3/3
  6419 | D:4      | Noticed Sigmund
  6613 | D:4      | Killed Sigmund
  6613 | D:4      | Reached skill level 10 in Maces & Flails
  8020 | D:5      | Entered Level 5 of the Dungeon
  8043 | D:5      | Found Sytoipnan's Food Shoppe.
  8064 | D:5      | Got a faintly glowing shortbow
  8358 | D:5      | Found a radiant altar of Vehumet.
  8379 | D:5      | Identified the cursed +1 shortbow of Power {velocity, rC+} (You found it on level 5 of the Dungeon)
  8639 | D:5      | Found a snail-covered altar of Cheibriados.
  8678 | D:5      | Reached skill level 11 in Maces & Flails
  8684 | D:5      | Acquired Trog's third power
  8839 | D:5      | Found a radiant altar of Vehumet.
  8965 | D:5      | Found Sytoipnan's Food Shoppe.
  9330 | D:5      | Found a snail-covered altar of Cheibriados.
  9722 | D:6      | Noticed Pikel
  9741 | D:6      | Killed Pikel
  9741 | D:6      | Reached skill level 12 in Maces & Flails
  9741 | D:6      | Reached XP level 8. HP: 64/64 MP: 3/3
  9898 | D:6      | Reached skill level 4 in Fighting
 10252 | D:6      | Reached skill level 3 in Armour
 10682 | D:7      | Reached skill level 3 in Dodging
 10820 | D:7      | Found a blossoming altar of Fedhas.
 10829 | D:7      | Reached skill level 4 in Armour
 10906 | D:7      | Noticed Kemay's ghost (average OpTm)
 10990 | D:7      | Killed Kemay's ghost
 10990 | D:7      | Reached skill level 5 in Fighting
 10990 | D:7      | Reached skill level 4 in Dodging
 11056 | D:7      | Found a white marble altar of Elyvilon.
 11070 | D:7      | Reached XP level 9. HP: 69/74 MP: 4/4
 11076 | D:7      | Reached skill level 5 in Armour
 11084 | D:7      | HP: 18/74 [poisoned by a killer bee]
 11089 | D:7      | HP: 14/74 [poisoned by a killer bee]
 11094 | D:7      | HP: 11/74 [poisoned by a killer bee]
 11100 | D:7      | HP: 10/74 [poisoned by a killer bee]
 11106 | D:7      | HP: 10/74 [poisoned by a killer bee]
 11418 | D:7      | HP: 18/74 [orc warrior/hand axe (21)]
 11447 | D:7      | HP: 16/75 [orc/javelin (9)]
 11579 | D:7      | Gained mutation: Your skin changes colour to match your surroundings (Stealth). [mutagenic meat]
 11580 | D:7      | Gained mutation: You tend to lose your temper in combat. [mutagenic meat]
 11581 | D:7      | Gained mutation: You are resistant to hostile enchantments. [mutagenic meat]
 11702 | D:7      | Reached skill level 5 in Dodging
 11713 | D:7      | Noticed Blork the orc
 11725 | D:7      | Killed Blork the orc
 11725 | D:7      | Reached skill level 6 in Fighting
 12081 | D:7      | Got a serpentine tin amulet
 12082 | D:7      | Identified the amulet of Pueph {rMut Str-4 Dex+5} (You found it on level 7 of the Dungeon)
 12311 | D:7      | Reached skill level 6 in Armour
 12327 | D:7      | Found a blossoming altar of Fedhas.
 12375 | D:7      | Found a white marble altar of Elyvilon.
 12694 | D:8      | Found a blossoming altar of Fedhas.
 12709 | D:8      | Found a sand-covered staircase.
 12714 | Ossuary  | Entered an ossuary
 12759 | Ossuary  | Reached skill level 6 in Dodging
 13023 | D:8      | Reached skill level 7 in Fighting
 13632 | D:8      | Reached skill level 7 in Armour
 13636 | D:8      | Gained mutation: You can translocate small distances at will. [mutagenic meat]
 14108 | D:8      | Reached XP level 10. HP: 63/88 MP: 4/4
 14231 | D:8      | Found an ancient bone altar of Kikubaaqudgha.
 14258 | D:8      | Reached skill level 7 in Dodging
 14456 | D:8      | Reached skill level 8 in Fighting
 14601 | D:8      | Found a blossoming altar of Fedhas.
 14630 | D:8      | Found an ancient bone altar of Kikubaaqudgha.
 15621 | D:9      | Found a burning altar of Makhleb.
 15622 | D:9      | Found Baschafap's General Store.
 16084 | D:9      | Reached skill level 8 in Armour
 16261 | D:9      | Reached skill level 9 in Fighting
 16277 | D:9      | Reached skill level 8 in Dodging
 16696 | D:9      | Found a shadowy altar of Dithmenos.
 16701 | D:9      | Reached skill level 9 in Armour
 16939 | D:9      | Found a burning altar of Makhleb.
 17257 | D:9      | Found a shadowy altar of Dithmenos.
 17357 | D:9      | Found a burning altar of Makhleb.
 17360 | D:9      | Found Baschafap's General Store.
 17428 | D:9      | Found a burning altar of Makhleb.
 17837 | D:10     | Entered Level 10 of the Dungeon
 18100 | D:10     | Reached skill level 10 in Fighting
 18121 | D:10     | HP: 23/93 [hound (2)]
 18127 | D:10     | Reached XP level 11. HP: 43/99 MP: 4/4
 18165 | D:10     | HP: 22/99 [something (7)]
 18186 | D:10     | HP: 24/99 [something (2)]
 18189 | D:10     | Killed an unseen horror
 18189 | D:10     | Reached skill level 9 in Dodging
 18441 | D:10     | Noticed Engwar's ghost (experienced TrMo)
 18451 | D:10     | Killed Engwar's ghost
 18451 | D:10     | Reached skill level 10 in Armour
 18626 | D:10     | Noticed a wolf spider
 18639 | D:10     | HP: 37/151 [wolf spider (9)]
 18641 | D:10     | Killed a wolf spider
 18644 | D:10     | HP: 21/151 [poisoned by a wolf spider]
 19052 | D:10     | Got a dazzling quarterstaff
 19110 | D:10     | Identified the +7 quarterstaff of Havoc {flame, Noisy rPois rF++} (You found it on level 10 of the Dungeon)
 19309 | D:10     | Received a gift from Trog
 19391 | D:10     | Found a staircase to the Lair.
 20352 | D:10     | Found a staircase to the Lair.
 20458 | D:11     | Noticed a four-headed hydra
 20471 | D:11     | Killed a four-headed hydra
 20471 | D:11     | Reached skill level 11 in Fighting
 20474 | D:11     | Reached skill level 10 in Dodging
 20661 | D:11     | Found a staircase to the Orcish Mines.
 21168 | D:11     | Reached skill level 11 in Armour
 22665 | D:12     | HP: 25/104 [orc warrior/hand axe of flaming (3)]
 22670 | D:12     | HP: 25/104 [poisoned by an adder]
 23340 | D:12     | Reached XP level 12. HP: 112/112 MP: 1/5
 23415 | D:12     | Reached skill level 11 in Dodging
 23512 | D:12     | Found a portal to a secret trove of treasure.
 23722 | D:12     | Found a portal to a secret trove of treasure.
 23745 | D:12     | Reached skill level 12 in Fighting
 24109 | D:13     | Received a gift from Trog
 24109 | D:13     | Reached skill level 12 in Armour
 24316 | D:13     | Noticed Psyche
 24324 | D:13     | Killed Psyche
 24650 | D:13     | Noticed a seven-headed hydra
 24658 | D:13     | Killed a seven-headed hydra
 25226 | D:13     | Reached skill level 13 in Fighting
 25233 | D:13     | Reached skill level 12 in Dodging
 25238 | D:13     | Noticed a daeva
 25239 | D:13     | HP: 43/172 [skeletal warrior/glaive (2)]
 25240 | D:13     | HP: 16/115 [skeletal warrior/short sword of flaming (13)]
 25242 | D:13     | HP: 6/115 [skeletal warrior/short sword of flaming (3)]
 25242 | D:13     | Killed from afar by a daeva

Action                   |  1- 3 |  4- 6 |  7- 9 | 10-12 || total
-------------------------+-------+-------+-------+-------++-------
Melee: Mace              |    73 |   134 |   302 |   336 ||   845
       Flail             |       |       |    69 |       ||    69
       Whip              |       |       |     5 |       ||     5
       Great mace        |       |       |       |   268 ||   268
Invok: Berserk           |       |     1 |     8 |     7 ||    16
       Burn Spellbooks   |       |       |       |     2 ||     2
       Trog's Hand       |       |       |       |     1 ||     1
       Brothers in Arms  |       |       |       |     1 ||     1
 Abil: Blink             |       |       |     1 |       ||     1
  Use: Scroll            |     3 |     2 |    11 |     5 ||    21
       Potion            |     3 |     3 |     4 |     5 ||    15
 Stab: Distracted        |       |       |     1 |       ||     1
  Eat: Chunk             |     5 |     7 |    22 |    29 ||    63
       Bread ration      |       |     1 |     3 |     2 ||     6
       Beef jerky        |       |       |     1 |       ||     1
       Fruit             |       |       |     3 |       ||     3
       Pizza             |       |       |     1 |     5 ||     6

Vault maps used:
D:1:      minmay_arrival_split_and_join
D:3:      gammafunk_temple_overflow_statue, amethyst_overflow_temple_binary,
          first_bread, glass_columns_c, guppyfry_early_lair_pool
D:4:      minmay_temple_entry_from_below_a, uniq_sigmund, uniq_duvessa
D:5:      lemuel_crystal_altar, serial_shops, shop, cheibrodos_beetle_habitat
D:6:      glass_columns_a, uniq_pikel
D:7:      lemuel_crystal_altar, basic_altar, uniq_blork_the_orc
D:8:      kennysheep_mini, enter_ossuary_2, grunt_livestock, fedhas_altar_3
D:9:      lemuel_crystal_altar, nicolae_dithmenos_the_darkroom, serial_shops,
          nicolae_shop_crystal, bloody_makhleb
D:10:     hangedman_cross_stitches, lair_0_dummy
D:11:     orc_0_dummy
D:12:     enter_trove_3
D:13:     lemuel_angel_altar, uniq_psyche
Ossuary:  ossuary_tomb_3

Table legend:
 A = Turns spent in this place as a percentage of turns spent in the entire game.
 B = Non-inter-level travel turns spent in this place as a percentage of non-inter-level travel turns spent in the entire game.
 C = Inter-level travel turns spent in this place as a percentage of turns spent in this place.
 D = Turns resting spent in this place as a percentage of non-inter-level travel turns spent in this place.
 E = Turns spent auto-exploring this place as a percentage of non-inter-level travel turns spent in this place.
 F = Non-inter-level travel turns spent in this place divided by the number of levels of this place that you've seen.
                   A       B       C       D       E      F
               +-------+-------+-------+-------+-------+----------------------
         Total | 100.0 | 100.0 |   0.4 |   9.3 |  11.7 | 300.9
       Dungeon |  97.1 |  97.1 |   0.4 |   9.5 |  11.8 | 314.7
       Ossuary |   2.9 |   2.9 |   0.0 |   1.7 |   9.1 | 121.0
               +-------+-------+-------+-------+-------+----------------------

Table legend:
 A = Kills in this place as a percentage of kills in entire the game.
 B = Kills by you in this place as a percentage of kills by you in the entire game.
 C = Kills by friends in this place as a percentage of kills by friends in the entire game.
 D = Other kills in this place as a percentage of other kills in the entire game.
 E = Experience gained in this place as a percentage of experience gained in the entire game.
 F = Experience gained in this place divided by the number of levels of this place that you have seen.
                   A       B       C       D       E      F
               +-------+-------+-------+-------+-------+----------------------
         Total | 100.0 | 100.0 |  -nan |  -nan | 100.0 | 2312.9
       Dungeon |  96.2 |  96.2 |  -nan |  -nan |  99.5 | 2479.2
       Ossuary |   3.8 |   3.8 |  -nan |  -nan |   0.5 | 151.0
               +-------+-------+-------+-------+-------+----------------------
